[ PARTIDA AOE2 · #508045235 ]
UnrankedLituanos vs Bengalis
Equipo del jugador · DERR
Equipo rival · VICT
[ ANÁLISIS DE REPETICIÓN · EXTRAÍDO DE LA PARTIDA GRABADA ]
Feudal
8:58
Castillos
24:15
Imperial
—
| APM promedio | 40.9 |
| APM pico | 91 |
| eAPM promedio | 24.5 |
| Aldeanos / militares | 65 / 16 |
Foco
⚔️ 35.7% · 🌾 64.3%
Archer ×6 · Militia ×6 · Leitis ×4
Feudal
10:59
Castillos
15:44
Imperial
—
| APM promedio | 44.8 |
| APM pico | 86 |
| eAPM promedio | 23.7 |
| Aldeanos / militares | 36 / 19 |
Foco
⚔️ 40.8% · 🌾 59.2%
Ratha (Ranged) ×14 · Armored Elephant ×3 · Monk ×2
Mapa de la partida
Recursos iniciales + cada clic de construcción. Líneas = muros · curvas = relieve. ◆ oro · ⬟ piedra · ● bayas · ✦ reliquia · ◌ hueco del cierre
Tu base· ✓ Cerrada en 24:15 · 89t muro · sin puerta
Base de Markof· Abierta — hueco de 3t
Terreno inicial suavizado · ◌ = hueco del cierre detectado · pasá el cursor para detalles
Inputs por minuto
— GAX | Gian - - Markof
Build order — GAX | Gian
Primeras 150 de 169 acciones detectadas
| 0:00 | Encolar | Villager (Male) |
| 0:01 | Encolar | Villager (Male) |
| 0:02 | Construir | House |
| 0:03 | Construir | House |
| 0:07 | Encolar | Villager (Male) |
| 0:07 | Encolar | Villager (Male) |
| 0:11 | Encolar | Villager (Male) |
| 0:11 | Encolar | Villager (Male) |
| 1:28 | Encolar | Villager (Male) |
| 1:28 | Encolar | Villager (Male) |
| 1:44 | Construir | Lumber Camp |
| 1:47 | Encolar | Villager (Male) |
| 1:48 | Encolar | Villager (Male) |
| 2:20 | Encolar | Villager (Male) |
| 2:20 | Encolar | Villager (Male) |
| 3:02 | Encolar | Villager (Male) |
| 3:05 | Encolar | Villager (Male) |
| 3:31 | Encolar | Villager (Male) |
| 3:48 | Construir | House |
| 3:54 | Encolar | Villager (Male) |
| 3:54 | Encolar | Villager (Male) |
| 4:22 | Encolar | Villager (Male) |
| 4:22 | Encolar | Villager (Male) |
| 4:22 | Encolar | Villager (Male) |
| 4:43 | Encolar | Villager (Male) |
| 4:52 | Investigar | Loom |
| 4:57 | Encolar | Villager (Male) |
| 4:58 | Investigar | Loom |
| 5:09 | Construir | Barracks |
| 5:20 | Construir | House |
| 5:23 | Encolar | Villager (Male) |
| 5:24 | Investigar | Loom |
| 6:33 | Construir | Mill |
| 6:48 | Investigar | Feudal Age |
| 7:07 | Encolar | Militia |
| 7:27 | Encolar | Militia |
| 7:27 | Encolar | Militia |
| 7:27 | Encolar | Militia |
| 7:44 | Construir | Mill |
| 7:55 | Construir | House |
| 8:05 | Encolar | Villager (Male) |
| 8:08 | Encolar | Militia |
| 8:44 | Encolar | Villager (Male) |
| 8:58 | Edad | Edad Feudal |
| 9:10 | Investigar | Arson |
| 9:17 | Construir | Mining Camp |
| 9:30 | Encolar | Villager (Male) |
| 9:45 | Construir | Watch Tower |
| 9:53 | Construir | Farm |
| 9:56 | Encolar | Villager (Male) |
| 9:57 | Encolar | Villager (Male) |
| 9:57 | Encolar | Villager (Male) |
| 10:18 | Investigar | Man-at-Arms (upgrade) |
| 10:18 | Investigar | Man-at-Arms (upgrade) |
| 10:26 | Encolar | Villager (Male) |
| 10:26 | Encolar | Villager (Male) |
| 10:29 | Construir | Archery Range |
| 10:43 | Construir | Farm |
| 10:46 | Encolar | Villager (Male) |
| 11:26 | Encolar | Villager (Male) |
| 11:26 | Encolar | Villager (Male) |
| 11:28 | Construir | House |
| 11:33 | Construir | House |
| 11:35 | Encolar | Villager (Male) |
| 11:39 | Construir | Mining Camp |
| 11:49 | Encolar | Villager (Male) |
| 12:11 | Encolar | Archer |
| 12:12 | Encolar | Archer |
| 12:18 | Encolar | Villager (Male) |
| 12:18 | Encolar | Villager (Male) |
| 12:36 | Encolar | Villager (Male) |
| 12:41 | Encolar | Archer |
| 12:57 | Construir | Farm |
| 13:01 | Encolar | Villager (Male) |
| 13:01 | Encolar | Villager (Male) |
| 13:17 | Construir | Watch Tower |
| 13:21 | Encolar | Archer |
| 13:33 | Encolar | Villager (Male) |
| 13:36 | Construir | Farm |
| 13:48 | Encolar | Villager (Male) |
| 14:07 | Construir | Farm |
| 14:15 | Encolar | Militia |
| 14:22 | Construir | Farm |
| 14:25 | Construir | Outpost |
| 14:28 | Construir | House |
| 14:31 | Encolar | Villager (Male) |
| 14:51 | Encolar | Archer |
| 14:57 | Encolar | Villager (Male) |
| 15:13 | Encolar | Villager (Male) |
| 15:24 | Encolar | Archer |
| 15:29 | Construir | House |
| 15:38 | Construir | Outpost |
| 15:44 | Encolar | Villager (Male) |
| 15:56 | Construir | Watch Tower |
| 16:03 | Encolar | Villager (Male) |
| 16:07 | Encolar | Villager (Male) |
| 16:09 | Construir | Farm |
| 16:23 | Construir | Stone Wall |
| 16:24 | Encolar | Villager (Male) |
| 16:27 | Construir | Stone Wall |
| 16:30 | Construir | Stone Wall |
| 16:37 | Encolar | Villager (Male) |
| 16:42 | Construir | Stone Wall |
| 16:45 | Construir | Stone Wall |
| 16:52 | Construir | Outpost |
| 17:07 | Encolar | Villager (Male) |
| 17:24 | Encolar | Villager (Male) |
| 17:26 | Construir | Farm |
| 17:33 | Construir | Stone Wall |
| 17:36 | Encolar | Villager (Male) |
| 17:46 | Encolar | Villager (Male) |
| 17:52 | Construir | Stone Wall |
| 17:55 | Construir | Stone Wall |
| 18:00 | Construir | Stone Wall |
| 18:22 | Investigar | Town Watch |
| 18:26 | Construir | Stone Wall |
| 18:31 | Construir | House |
| 18:32 | Construir | House |
| 18:43 | Construir | Market |
| 18:48 | Construir | Stone Wall |
| 18:58 | Encolar | Villager (Male) |
| 19:00 | Investigar | Double-Bit Axe |
| 19:05 | Construir | Stone Wall |
| 19:06 | Investigar | Stone Mining |
| 19:13 | Construir | House |
| 19:15 | Construir | Stone Wall |
| 19:16 | Construir | Stone Wall |
| 19:24 | Encolar | Villager (Male) |
| 19:25 | Encolar | Villager (Male) |
| 19:51 | Encolar | Villager (Male) |
| 20:03 | Construir | Lumber Camp |
| 20:12 | Encolar | Villager (Male) |
| 20:22 | Construir | Farm |
| 20:24 | Construir | Watch Tower |
| 20:38 | Encolar | Villager (Male) |
| 20:41 | Construir | Stone Wall |
| 20:42 | Construir | Stone Wall |
| 20:43 | Construir | Stone Wall |
| 20:44 | Construir | Farm |
| 21:14 | Construir | Mining Camp |
| 21:35 | Investigar | Castle Age |
| 21:40 | Construir | Stone Wall |
| 21:41 | Construir | Stone Wall |
| 21:42 | Construir | Stone Wall |
| 21:43 | Construir | Stone Wall |
| 22:09 | Construir | Outpost |
| 22:19 | Construir | House |
| 22:24 | Encolar | Villager (Male) |
| 22:27 | Investigar | Horse Collar |
| 22:30 | Construir | Stone Wall |
Build order — Markof
120 acciones detectadas en el replay
| 0:01 | Encolar | Villager (Male) ×4 |
| 0:02 | Construir | House |
| 0:04 | Construir | House |
| 1:43 | Encolar | Villager (Male) |
| 1:43 | Encolar | Villager (Male) |
| 2:05 | Encolar | Villager (Male) |
| 2:20 | Encolar | Villager (Male) |
| 2:46 | Encolar | Villager (Male) |
| 3:02 | Encolar | Villager (Male) |
| 3:24 | Encolar | Villager (Male) |
| 3:38 | Construir | House |
| 3:45 | Construir | Lumber Camp |
| 3:56 | Encolar | Villager (Male) |
| 4:09 | Construir | Palisade Wall |
| 4:14 | Construir | House |
| 4:24 | Encolar | Villager (Male) |
| 4:29 | Construir | Palisade Wall |
| 4:31 | Construir | Palisade Wall |
| 4:32 | Construir | Palisade Wall |
| 4:34 | Encolar | Villager (Male) |
| 4:49 | Encolar | Villager (Male) |
| 5:10 | Encolar | Villager (Male) |
| 5:44 | Construir | Mill |
| 5:56 | Construir | Palisade Wall |
| 5:59 | Construir | Palisade Wall |
| 6:02 | Encolar | Villager (Male) |
| 6:07 | Encolar | Villager (Male) |
| 6:31 | Encolar | Villager (Male) |
| 6:56 | Construir | Mill |
| 7:22 | Encolar | Villager (Male) |
| 7:43 | Construir | Palisade Wall |
| 7:55 | Investigar | Loom |
| 8:13 | Construir | House |
| 8:41 | Construir | Mining Camp |
| 8:49 | Investigar | Feudal Age |
| 9:06 | Construir | House |
| 9:10 | Construir | Palisade Wall |
| 9:23 | Construir | Palisade Wall |
| 9:24 | Construir | Palisade Wall |
| 9:33 | Construir | Palisade Wall |
| 9:33 | Construir | Palisade Wall |
| 10:02 | Encolar | Villager (Male) |
| 10:43 | Encolar | Villager (Male) |
| 10:59 | Edad | Edad Feudal |
| 11:27 | Encolar | Villager (Male) |
| 11:46 | Construir | Market |
| 11:55 | Construir | Blacksmith |
| 11:56 | Encolar | Villager (Male) |
| 12:24 | Construir | Stone Wall |
| 12:27 | Construir | Stone Wall |
| 12:37 | Construir | Stone Wall |
| 12:45 | Construir | Stone Wall |
| 12:53 | Construir | Stone Wall |
| 12:59 | Construir | House |
| 13:02 | Construir | Stone Wall |
| 13:04 | Investigar | Castle Age |
| 13:16 | Construir | Stone Wall |
| 13:18 | Construir | Stone Wall |
| 13:23 | Construir | Stone Wall |
| 13:25 | Construir | Stone Wall |
| 13:51 | Construir | Farm |
| 13:54 | Encolar | Villager (Male) |
| 14:18 | Investigar | Double-Bit Axe |
| 14:32 | Construir | Farm |
| 15:00 | Construir | Farm |
| 15:44 | Edad | Edad de los Castillos |
| 15:49 | Construir | Castle |
| 15:59 | Encolar | Villager (Male) |
| 16:05 | Construir | Farm |
| 16:25 | Construir | Farm |
| 16:39 | Encolar | Ratha (Ranged) |
| 16:45 | Construir | Mining Camp |
| 16:54 | Construir | House |
| 17:00 | Construir | House |
| 17:12 | Construir | Palisade Wall |
| 17:26 | Encolar | Ratha (Ranged) |
| 17:27 | Encolar | Ratha (Ranged) |
| 17:32 | Construir | Stone Wall |
| 17:56 | Encolar | Villager (Male) |
| 18:39 | Encolar | Ratha (Ranged) |
| 18:50 | Encolar | Ratha (Ranged) |
| 18:59 | Construir | Mining Camp |
| 19:09 | Encolar | Villager (Male) |
| 19:20 | Encolar | Ratha (Ranged) |
| 19:24 | Investigar | Fletching |
| 19:51 | Encolar | Ratha (Ranged) |
| 19:51 | Encolar | Ratha (Ranged) |
| 19:52 | Encolar | Villager (Male) |
| 20:29 | Encolar | Villager (Male) |
| 20:47 | Construir | Siege Workshop |
| 20:54 | Encolar | Villager (Male) |
| 21:00 | Construir | House |
| 21:16 | Encolar | Ratha (Ranged) |
| 21:17 | Encolar | Ratha (Ranged) |
| 21:23 | Construir | House |
| 21:27 | Encolar | Armored Elephant |
| 21:51 | Construir | House |
| 22:04 | Encolar | Ratha (Ranged) |
| 22:13 | Encolar | Ratha (Ranged) |
| 22:21 | Encolar | Armored Elephant |
| 22:24 | Construir | House |
| 23:02 | Encolar | Villager (Male) |
| 23:19 | Construir | Monastery |
| 23:26 | Encolar | Villager (Male) |
| 23:29 | Investigar | Padded Archer Armor |
| 23:43 | Construir | Monastery |
| 23:49 | Encolar | Armored Elephant |
| 23:56 | Encolar | Villager (Male) |
| 23:58 | Construir | Farm |
| 23:59 | Construir | Farm |
| 24:11 | Encolar | Ratha (Ranged) |
| 24:11 | Encolar | Ratha (Ranged) |
| 24:18 | Construir | House |
| 24:28 | Encolar | Monk |
| 24:29 | Encolar | Monk |
| 24:39 | Encolar | Villager (Male) |
| 24:40 | Construir | Farm |
| 24:50 | Construir | House |
| 25:17 | Investigar | Bodkin Arrow |
| 26:11 | Encolar | Villager (Male) |
Cronología de la partida
| 4:09 | Markof · wall_segment Palisade Wall x1 |
| 4:29 | Markof · wall_segment Palisade Wall x2 |
| 4:31 | Markof · wall_segment Palisade Wall x1 |
| 4:32 | Markof · wall_segment Palisade Wall x4 |
| 5:09 | GAX | Gian · first_building Barracks |
| 5:56 | Markof · wall_segment Palisade Wall x1 |
| 5:59 | Markof · wall_segment Palisade Wall x9 |
| 7:43 | Markof · wall_segment Palisade Wall x1 |
| 8:58 | GAX | Gian · age_up feudal |
| 9:10 | Markof · wall_segment Palisade Wall x1 |
| 9:23 | Markof · wall_segment Palisade Wall x1 |
| 9:24 | Markof · wall_segment Palisade Wall x1 |
| 9:33 | Markof · wall_segment Palisade Wall x3 |
| 9:33 | Markof · wall_segment Palisade Wall x1 |
| 10:29 | GAX | Gian · first_building Archery Range |
| 10:59 | Markof · age_up feudal |
| 12:24 | Markof · wall_segment Stone Wall x1 |
| 12:27 | Markof · wall_segment Stone Wall x1 |
| 12:31 | Markof · first_market_sell 100 stone |
| 12:37 | Markof · wall_segment Stone Wall x1 |
| 12:45 | Markof · wall_segment Stone Wall x1 |
| 12:53 | Markof · wall_segment Stone Wall x1 |
| 13:02 | Markof · wall_segment Stone Wall x1 |
| 13:16 | Markof · wall_segment Stone Wall x1 |
| 13:18 | Markof · wall_segment Stone Wall x1 |
| 13:23 | Markof · wall_segment Stone Wall x1 |
| 13:25 | Markof · wall_segment Stone Wall x1 |
| 15:44 | Markof · age_up castle |
| 15:49 | Markof · first_building Castle |
| 16:23 | GAX | Gian · wall_segment Stone Wall x7 |
| 16:27 | GAX | Gian · wall_segment Stone Wall x3 |
| 16:30 | GAX | Gian · wall_segment Stone Wall x5 |
| 16:42 | GAX | Gian · wall_segment Stone Wall x10 |
| 16:45 | GAX | Gian · wall_segment Stone Wall x9 |
| 17:12 | Markof · wall_segment Palisade Wall x1 |
| 17:32 | Markof · wall_segment Stone Wall x1 |
| 17:33 | GAX | Gian · wall_segment Stone Wall x12 |
| 17:52 | GAX | Gian · wall_segment Stone Wall x7 |
| 17:55 | GAX | Gian · wall_segment Stone Wall x2 |
| 18:00 | GAX | Gian · wall_segment Stone Wall x5 |
| 18:26 | GAX | Gian · wall_segment Stone Wall x3 |
| 18:48 | GAX | Gian · wall_segment Stone Wall x1 |
| 19:05 | GAX | Gian · wall_segment Stone Wall x1 |
| 19:15 | GAX | Gian · wall_segment Stone Wall x1 |
| 19:16 | GAX | Gian · wall_segment Stone Wall x4 |
| 19:58 | GAX | Gian · first_market_buy 500 food |
| 20:41 | GAX | Gian · wall_segment Stone Wall x1 |
| 20:42 | GAX | Gian · wall_segment Stone Wall x1 |
| 20:43 | GAX | Gian · wall_segment Stone Wall x1 |
| 20:47 | Markof · first_building Siege Workshop |
| 20:58 | GAX | Gian · first_market_sell 100 stone |
| 21:16 | Markof · first_market_buy 100 wood |
| 21:40 | GAX | Gian · wall_segment Stone Wall x1 |
| 21:41 | GAX | Gian · wall_segment Stone Wall x1 |
| 21:42 | GAX | Gian · wall_segment Stone Wall x1 |
| 21:43 | GAX | Gian · wall_segment Stone Wall x1 |
| 22:30 | GAX | Gian · wall_segment Stone Wall x5 |
| 22:35 | GAX | Gian · wall_segment Stone Wall x8 |
| 22:40 | GAX | Gian · wall_segment Stone Wall x3 |
| 22:42 | GAX | Gian · wall_segment Stone Wall x1 |
| 23:19 | Markof · first_building Monastery |
| 24:15 | GAX | Gian · age_up castle |
| 24:26 | GAX | Gian · first_building Castle |
| 24:57 | GAX | Gian · first_building Siege Workshop |
| 25:32 | GAX | Gian · wall_segment Stone Wall x1 |
| 26:37 | GAX | Gian · resign |
[ ANÁLISIS IA · 1 CRÉDITO ]
¿Qué pasó realmente en esta partida?
Wolo.gg analiza cada decisión: build order, eco, micro, errores típicos por bracket. Análisis personalizado por WhatsApp o Discord en 30 segundos.
Guía civ
Lituanos
Perfil
GAX | Gian